Construct Section Command Post
Construct Section Command Post
Construct Platoon Command Post
Selects Air and Sea Battlegroup
Construct Field Infirmary
Unlock Bishop Self-propelled Artillery
Construct Field Infirmary
Construct Field Infirmary
Bishop Self-propelled Artillery
Construct Field Infirmary
Bishop Self-propelled Artillery
Bishop Self-propelled Artillery
6-pounder Anti-tank Gun Team
Selects Commando Section Paradrop
Selects Commando Support Section Paradrop
Bishop Self-propelled Artillery
Construct Company Command Post
Construct Field Infirmary
Selects Anti-tank Rocket Loiter
Unlock Towed 17-pounder Anti-tank Guns
17-pounder Anti-tank Gun Team
Bishop Self-propelled Artillery
Construct Field Infirmary
17-pounder Anti-tank Gun Team